 Dungeon Crawl Stone Soup version 0.14.0-24-gfb45beb (webtiles) character file.

63 Deicide the Practitioner (level 3, -8/28 HPs)
             Began as a Hill Orc Healer on Apr 22, 2014.
             Was a Believer of Elyvilon.
             Shot with an arrow of flame by a centaur (12 damage)
             ... on Level 3 of the Dungeon.
             The game lasted 00:12:53 (2232 turns).

Deicide the Practitioner (Hill Orc Healer)          Turns: 2232, Time: 00:12:53

HP  -8/28        AC  7     Str 14      XL: 3   Next: 47%
MP   5/6         EV 11     Int 12      God: Elyvilon [**....]
Gold 24          SH  0     Dex 11      Spells:  0 memorised,  2 levels left

rFire  . . .     SeeInvis .     (no weapon)
rCold  . . .     Clarity  .     s - +0 leather armour
rNeg   . . .     Conserve .     (no shield)
rPois  .         rCorr    .     (no helmet)
rElec  .         rRot     .     (no cloak)
SustAb . .       Spirit   .     b - +2 pair of gloves
rMut   .         Warding  .     o - +0 pair of boots
Saprov + . .     Stasis   .     (no amulet)
MR     .....                    (no ring)
                                (no ring)

@: not resistant to hostile enchantments, very unstealthy
A: saprovore 1
a: Lesser Healing, Lesser Self-Healing, Divine Protection, Purification,
Renounce Religion


You were on level 3 of the Dungeon.
You worshipped Elyvilon.
Elyvilon was pleased with you.
You were hungry.

You visited 1 branch of the dungeon, and saw 3 of its levels.

You collected 24 gold pieces.

Inventory:

Armour
 a - a +2 robe
 b - a +2 pair of gloves (worn)
 o - a +0 pair of boots (worn)
 s - a +0 leather armour (worn)
Comestibles
 d - 3 meat rations
Scrolls
 g - 2 scrolls of identify
 h - a scroll of teleportation
 j - a scroll of immolation {unknown}
 k - a scroll of remove curse
 l - a scroll of blinking {unknown}
 m - a scroll of enchant weapon II {unknown}
 n - a scroll of enchant armour
 p - a scroll of fear {unknown}
 r - a scroll of magic mapping {unknown}
Jewellery
 i - an uncursed ring of regeneration
 q - an uncursed ring of wizardry
Potions
 c - 3 potions of heal wounds
 e - a potion of degeneration {unknown}
 f - a potion of curing


   Skills:
 - Level 1.2 Fighting
 - Level 1.5 Dodging
 + Level 5.6 Invocations


You had 2 spell levels left.
You didn't know any spells.

Dungeon Overview and Level Annotations

Branches:
Dungeon (3/15)

Altars:
Makhleb
Zin


Innate Abilities, Weirdness & Mutations

You can tolerate rotten meat.


Message History

Press: ? - help, Dir - move target cursor, f - jackal Heal: a jackal Elyvilon supports your offer of peace.
The jackal turns neutral.
You are feeling hungry.
The jackal barely misses you.
The centaur shoots an arrow of flame.
The arrow of flame hits the jackal.
The jackal bites the centaur but does no damage.
The centaur shoots an arrow of flame.
The arrow of flame hits the jackal.
The jackal dies!
The centaur shoots an arrow of flame.
The arrow of flame hits you!
* * * LOW HITPOINT WARNING * * *
You see here an arrow.
The centaur shoots an arrow of flame.
The arrow of flame misses you.
The centaur shoots an arrow of flame.
The arrow of flame misses you.
The centaur shoots an arrow of flame.
The arrow of flame hits you!
* * * LOW HITPOINT WARNING * * *
There is a stone staircase leading up here.
You see here 2 arrows.
The centaur shoots an arrow of flame.
The arrow of flame hits you!
You die...

#....# ####.# #....#
#.....# #....# #...[.#
#....# #....<#
##...(#### #.....###
........g#####........
##....##hh(hc(.....#
#....########.>...#
###.## #..@(.# ..
##.#### .## ...# ..
#'#### #. #


You could see a centaur and a jackal.

Vanquished Creatures
  A giant mite (D:3)
  A goblin (D:2)
  A hobgoblin (D:1)
  A jackal (D:1)
  5 bats
  2 giant cockroaches
  A giant gecko (D:2)
  3 rats
15 creatures vanquished.

Vanquished Creatures (others)
  A hobgoblin (D:3)
  3 jackals
  2 goblins
  A rat (D:3)
7 creatures vanquished.

Grand Total: 22 creatures vanquished

Notes
Turn   | Place    | Note
--------------------------------------------------------------
     0 | D:1      | Deicide, the Hill Orc Healer, began the quest for the Orb.
     0 | D:1      | Reached XP level 1. HP: 16/16 MP: 2/2
   515 | D:1      | Reached skill level 4 in Invocations
   624 | D:1      | Reached XP level 2. HP: 21/23 MP: 4/4
  1268 | D:2      | Found a burning altar of Makhleb.
  1270 | D:2      | Found a glowing silver altar of Zin.
  1270 | D:2      | Noticed an angel
  1270 | D:2      | Noticed a cacodemon
  1501 | D:2      | Reached skill level 5 in Invocations
  2028 | D:3      | Reached XP level 3. HP: 18/28 MP: 1/6
  2219 | D:3      | Noticed a centaur
  2232 | D:3      | Shot with an arrow of flame by a centaur

Action                   || total
-------------------------++-------
Melee: Unarmed           ||   223
Invok: Lesser Healing    ||    26
       Lesser Self-Heali ||     3
       Purification      ||     1
  Use: Potion            ||     1
       Scroll            ||     4
